 Dungeon Crawl Stone Soup version 0.31-a0-180-g519b7de00c (webtiles) character file.

Game seed: 1617060502310848209

955 qw the Skirmisher (level 8, -1/73 HPs)
             Began as a Naga Hunter on June 20, 2023.
             Slain by an orc warrior
             ... wielding a +0 battleaxe
              (11 damage)
             ... on level 6 of the Dungeon.
             The game lasted 00:01:26 (4155 turns).

qw the Skirmisher (Naga Hunter)                     Turns: 4155, Time: 00:01:27

Health: -1/73      AC:  5    Str: 13    XL:     8   Next: 14%
Magic:  8/8        EV: 15    Int: 10    God:
Gold:   186        SH:  0    Dex: 17    Spells: 7/7 levels left

rFire   . . .        a - +0 shortbow (heavy)
rCold   . . .        (shield currently unavailable)
rNeg    . . .        c - +0 leather armour
rPois   +            b - +0 helmet
rElec   .            (no cloak)
rCorr   .            (no gloves)
SInv    +            (no barding)
Will    +....        l - amulet of faith
Stlth   ++           h - +5 ring of evasion
HPRegen 0.32/turn    (no ring)
MPRegen 0.11/turn

%: faith
@: short of breath, very slow
A: AC +2, large, see invisible, deformed body, poison resistance, slowness 2,
spit poison 1, naga tail 1
a: Spit Poison


You were on level 6 of the Dungeon.
You visited 1 branch of the dungeon, and saw 6 of its levels.

You collected 186 gold pieces.


Innate Abilities, Weirdness & Mutations

Your serpentine skin is tough. (AC +2)
You have supernaturally acute eyesight. (SInv)
Armour fits poorly on your strangely shaped body.
Your system is resistant to poisons. (rPois)
You cover ground very slowly.
You can spit poison.
You have a snake-like lower body.


   Skills:
 + Level 4.7 Fighting
 - Level 8.0 Ranged Weapons
 - Level 2.1 Dodging
 - Level 1.5 Stealth


You had 7 spell levels left.
You didn't know any spells.
Your spell library was empty.

Inventory:

Hand Weapons
 a - a +0 heavy shortbow (weapon)
Armour
 b - a +0 helmet (worn)
 c - a +0 leather armour (worn)
 g - the +5 robe of Misfortune {Harm *Corrode *Slow EV+5}
   (You found it on level 2 of the Dungeon)

   EV:        It affects your evasion (+5).
   *Corrode:  It may corrode you when you take damage.
   *Slow:     It may slow you when you take damage.
   Harm:      It increases damage dealt and taken.
Jewellery
 h - a +5 ring of evasion (left hand)
 l - an amulet of faith (around neck)
Scrolls
 e - a scroll of blinking {unknown}
 f - a scroll of identify
Potions
 d - a potion of curing
 j - 2 potions of enlightenment

Dungeon Overview and Level Annotations

Branches:
Dungeon (6/15)
 Temple: D:4-7

Altars:
Dithmenos


Message History

The orc warrior misses you. The orc hits you with a +0 short sword.
You shoot an arrow.
The arrow closely misses the orc warrior.
You have got your breath back.
The orc completely misses you. The orc warrior closely misses you.
4150 ||| INVOKING Spit Poison.
Aiming: Spit Poison (1% risk of failure)
Press: ? - help, Shift-Dir - straight line, f/p - orc warrior The splash of poison hits the orc warrior but does no damage.
The orc warrior is poisoned.
The orc warrior is moderately wounded.
The orc warrior hits you with a +0 battleaxe!!
The orc misses you.
You shoot an arrow.
The arrow closely misses the orc warrior.
The orc warrior closely misses you. The orc closely misses you.
The orc warrior barely misses you. The orc misses you.
You shoot an arrow. The arrow hits the orc warrior.
The orc warrior is heavily wounded.
You have got your breath back.
The orc warrior misses you. The orc completely misses you.
The orc hits you but does no damage.
The orc warrior hits you with a +0 battleaxe!
4153 ||| INVOKING Spit Poison.
Aiming: Spit Poison (1% risk of failure)
Press: ? - help, Shift-Dir - straight line, f/p - orc warrior The splash of poison hits the orc warrior.
The orc warrior looks even sicker.
The orc warrior is severely wounded.
The orc hits you but does no damage. The orc warrior closely misses you.
You shoot an arrow.
The arrow hits the orc warrior but does no damage.
The orc warrior is almost dead.
The orc hits you but does no damage. The orc warrior closely misses you.
You shoot an arrow.
The arrow hits the orc warrior but does no damage.
The orc warrior is almost dead.
The orc warrior barely misses you. The orc hits you but does no damage.
The orc warrior hits you with a +0 battleaxe!
You die...

..# ###...##
..)##......# #.
##...(.....##..
#.............#
..........)..
....$....).#
.......oo..# .......@).#
### ..$.......## ##.####
...........### ##.....#
.............###......#
..[...........##......#
#########.##...#......##
#....#.........##
#..............##
#.#.............#.


You could see an orc warrior (very poisoned) and an orc.

Vanquished Creatures
  Grinder (D:5)
  An ogre (D:5)
  A centaur (D:5)
  A bullfrog (D:6)
  A scorpion (D:5)
  A hound (D:4)
  Jessica (D:2)
  A sleepcap (D:5)
  Ijyb (D:4)
  Natasha (thrice) (D:2)
  2 iguanas (D:5)
  2 orc wizards (D:6)
  4 gnolls (D:4)
  4 adders
  A white imp (D:5)
  An ufetubus (D:4)
  A worm (D:4)
  3 dart slugs
  13 orcs
  3 ball pythons
  3 bats (D:2)
  8 endoplasms
  4 giant cockroaches
  7 goblins
  8 hobgoblins
  7 jackals
  9 kobolds
  3 quokkas
  2 frilled lizards (D:1)
  3 rats
100 creatures vanquished.

Notes
Turn   | Place    | Note
-------+----------+-------------------------------------------
     0 | D:1      | qw the Naga Hunter began the quest for the Orb.
     0 | D:1      | Reached XP level 1. HP: 19/19 MP: 1/1
     0 | D:1      | 0 ||| qw: Version: 0.3-a-9-g12657ce
     0 | D:1      | 0 ||| qw: Game counter: 1120
     0 | D:1      | 0 ||| qw: Always use a shield: true
     0 | D:1      | 0 ||| qw: God list: Okawaru
     0 | D:1      | 0 ||| qw: Allow faded altars: false
     0 | D:1      | 0 ||| qw: Do Orc after D:15 true
     0 | D:1      | 0 ||| qw: Do second Lair branch before Depths: true
     0 | D:1      | 0 ||| qw: Lair rune preference: random
     0 | D:1      | 0 ||| qw: Plans: Normal
     0 | D:1      | 0 ||| PLANNING D:1-11
     0 | D:1      | 0 ||| DROPPING scroll of butterflies.
    47 | D:1      | 47 ||| INVOKING Spit Poison.
    53 | D:1      | 53 ||| INVOKING Spit Poison.
    57 | D:1      | 57 ||| INVOKING Spit Poison.
   150 | D:1      | 150 ||| UPGRADING to +0 helmet.
   166 | D:2      | 166 ||| STAIRDANCE
   170 | D:2      | 170 ||| STAIRDANCE
   173 | D:1      | Reached skill level 4 in Ranged Weapons
   173 | D:1      | Reached XP level 2. HP: 26/26 MP: 2/2
   174 | D:1      | 174 ||| INVOKING Spit Poison.
   177 | D:2      | 177 ||| STAIRDANCE
   181 | D:2      | 181 ||| STAIRDANCE
   185 | D:2      | 185 ||| STAIRDANCE
   189 | D:2      | 189 ||| STAIRDANCE
   193 | D:2      | 193 ||| STAIRDANCE
   197 | D:2      | 197 ||| STAIRDANCE
   201 | D:2      | 201 ||| STAIRDANCE
   205 | D:2      | 205 ||| STAIRDANCE
   209 | D:2      | 209 ||| STAIRDANCE
   213 | D:2      | 213 ||| STAIRDANCE
   217 | D:2      | 217 ||| STAIRDANCE
   221 | D:2      | 221 ||| STAIRDANCE
   225 | D:2      | 225 ||| STAIRDANCE
   229 | D:2      | 229 ||| STAIRDANCE
   233 | D:2      | 233 ||| STAIRDANCE
   237 | D:2      | 237 ||| STAIRDANCE
   241 | D:2      | 241 ||| STAIRDANCE
   245 | D:2      | 245 ||| STAIRDANCE
   252 | D:1      | 252 ||| INVOKING Spit Poison.
   297 | D:1      | 297 ||| INVOKING Spit Poison.
   301 | D:1      | 301 ||| INVOKING Spit Poison.
   440 | D:1      | 440 ||| INVOKING Spit Poison.
   493 | D:1      | 493 ||| INVOKING Spit Poison.
   529 | D:1      | 529 ||| INVOKING Spit Poison.
   532 | D:1      | 532 ||| INVOKING Spit Poison.
   553 | D:1      | 553 ||| INVOKING Spit Poison.
   674 | D:1      | 674 ||| INVOKING Spit Poison.
   792 | D:1      | 792 ||| INVOKING Spit Poison.
   793 | D:1      | Reached XP level 3. HP: 32/32 MP: 3/3
   871 | D:1      | 871 ||| READING scroll labelled KICLOE TAFETA.
   972 | D:1      | 972 ||| READING scroll labelled ZAEDOOPEPI.
   973 | D:1      | 973 ||| READING scroll labelled LEOVVA SON OMP.
   974 | D:1      | 974 ||| READING scroll labelled VAIKOL ACSUIPI.
   975 | D:1      | 975 ||| READING scroll labelled SADEBR DEIPUA.
   976 | D:1      | 976 ||| DRINKING 2 coppery potions.
  1001 | D:2      | 1001 ||| INVOKING Spit Poison.
  1010 | D:2      | Noticed Natasha
  1011 | D:2      | 1011 ||| INVOKING Spit Poison.
  1013 | D:2      | Killed Natasha
  1044 | D:2      | Noticed Jessica
  1045 | D:2      | 1045 ||| INVOKING Spit Poison.
  1045 | D:2      | Killed Jessica
  1046 | D:2      | Reached skill level 5 in Ranged Weapons
  1046 | D:2      | Reached XP level 4. HP: 39/39 MP: 4/4
  1126 | D:2      | 1126 ||| INVOKING Spit Poison.
  1136 | D:2      | Identified the +4 long sword "Zeveomyso" {speed, rElec
                  | Will+ Str+2 Stlth+}
  1188 | D:2      | 1188 ||| INVOKING Spit Poison.
  1198 | D:2      | 1198 ||| INVOKING Spit Poison.
  1241 | D:2      | 1241 ||| INVOKING Spit Poison.
  1247 | D:2      | Noticed Natasha
  1249 | D:2      | 1249 ||| INVOKING Spit Poison.
  1251 | D:2      | Killed Natasha
  1265 | D:2      | Found the +5 robe of Misfortune {Harm *Corrode *Slow EV+5}
  1267 | D:2      | Reached XP level 5. HP: 48/48 MP: 5/5
  1270 | D:2      | 1270 ||| INVOKING Spit Poison.
  1304 | D:2      | 1304 ||| INVOKING Spit Poison.
  1305 | D:2      | Reached skill level 3 in Fighting
  1357 | D:2      | 1357 ||| INVOKING Spit Poison.
  1360 | D:2      | Noticed Natasha
  1363 | D:2      | 1363 ||| INVOKING Spit Poison.
  1367 | D:2      | 1367 ||| INVOKING Spit Poison.
  1368 | D:2      | Killed Natasha
  1374 | D:2      | 1374 ||| INVOKING Spit Poison.
  1453 | D:2      | 1453 ||| INVOKING Spit Poison.
  1518 | D:2      | 1518 ||| INVOKING Spit Poison.
  1714 | D:2      | 1714 ||| UPGRADING to +5 ring of evasion.
  1715 | D:2      | 1715 ||| READING scroll labelled NIDABEAPLY.
  1730 | D:3      | 1730 ||| INVOKING Spit Poison.
  1739 | D:3      | 1739 ||| INVOKING Spit Poison.
  1968 | D:3      | Found a shadowy altar of Dithmenos.
  2128 | D:3      | 2128 ||| INVOKING Spit Poison.
  2186 | D:3      | 2186 ||| INVOKING Spit Poison.
  2197 | D:3      | 2197 ||| INVOKING Spit Poison.
  2201 | D:3      | 2201 ||| INVOKING Spit Poison.
  2211 | D:3      | 2211 ||| INVOKING Spit Poison.
  2236 | D:3      | 2236 ||| INVOKING Spit Poison.
  2239 | D:3      | 2239 ||| INVOKING Spit Poison.
  2242 | D:3      | 2242 ||| INVOKING Spit Poison.
  2246 | D:3      | 2246 ||| INVOKING Spit Poison.
  2597 | D:3      | 2597 ||| READING scroll labelled WELUAK XOSCHALY.
  2598 | D:3      | 2598 ||| READING scroll labelled ZAECEA ICIMM.
  2601 | D:3      | 2601 ||| READING 3 scrolls of identify.
  2601 | D:3      | 2601 ||| IDENTIFYING fuming brown potion
  2602 | D:3      | 2602 ||| READING 2 scrolls of identify.
  2602 | D:3      | 2602 ||| IDENTIFYING orange potion
  2603 | D:3      | 2603 ||| DROPPING potion of attraction.
  2631 | D:4      | 2631 ||| INVOKING Spit Poison.
  2634 | D:4      | 2634 ||| INVOKING Spit Poison.
  2647 | D:4      | 2647 ||| INVOKING Spit Poison.
  2650 | D:4      | 2650 ||| INVOKING Spit Poison.
  2651 | D:4      | Reached skill level 6 in Ranged Weapons
  2677 | D:4      | 2677 ||| INVOKING Spit Poison.
  2685 | D:4      | 2685 ||| INVOKING Spit Poison.
  2698 | D:4      | Noticed Ijyb
  2700 | D:4      | 2700 ||| INVOKING Spit Poison.
  2703 | D:4      | Killed Ijyb
  2704 | D:4      | Reached XP level 6. HP: 43/56 MP: 6/6
  2765 | D:4      | 2765 ||| INVOKING Spit Poison.
  2769 | D:4      | 2769 ||| INVOKING Spit Poison.
  2773 | D:4      | 2773 ||| INVOKING Spit Poison.
  2800 | D:4      | 2800 ||| INVOKING Spit Poison.
  2804 | D:4      | 2804 ||| INVOKING Spit Poison.
  2922 | D:4      | 2922 ||| INVOKING Spit Poison.
  2938 | D:4      | 2938 ||| INVOKING Spit Poison.
  2941 | D:4      | 2941 ||| INVOKING Spit Poison.
  3019 | D:4      | 3019 ||| INVOKING Spit Poison.
  3023 | D:4      | 3023 ||| INVOKING Spit Poison.
  3059 | D:4      | 3059 ||| INVOKING Spit Poison.
  3309 | D:4      | 3309 ||| INVOKING Spit Poison.
  3360 | D:4      | 3360 ||| INVOKING Spit Poison.
  3388 | D:4      | 3388 ||| INVOKING Spit Poison.
  3403 | D:4      | 3403 ||| READING 2 scrolls labelled ZEIPTOWN ZULI.
  3404 | D:4      | 3404 ||| DRINKING 2 grey potions.
  3405 | D:4      | 3405 ||| DROPPING scroll of summoning.
  3461 | D:5      | Entered Level 5 of the Dungeon
  3520 | D:5      | Reached XP level 7. HP: 55/64 MP: 7/7
  3562 | D:5      | 3562 ||| INVOKING Spit Poison.
  3619 | D:5      | Noticed Grinder
  3619 | D:5      | Paralysed by Grinder for 4 turns
  3623 | D:5      | 3623 ||| INVOKING Spit Poison.
  3627 | D:5      | 3627 ||| INVOKING Spit Poison.
  3630 | D:5      | 3630 ||| INVOKING Spit Poison.
  3634 | D:5      | 3634 ||| INVOKING Spit Poison.
  3635 | D:5      | Killed Grinder
  3636 | D:5      | Reached skill level 7 in Ranged Weapons
  3637 | D:5      | 3637 ||| INVOKING Spit Poison.
  3696 | D:5      | 3696 ||| INVOKING Spit Poison.
  3703 | D:5      | 3703 ||| INVOKING Spit Poison.
  3947 | D:5      | 3947 ||| INVOKING Spit Poison.
  3950 | D:5      | 3950 ||| INVOKING Spit Poison.
  3954 | D:5      | Reached skill level 8 in Ranged Weapons
  3954 | D:5      | Reached XP level 8. HP: 57/72 MP: 8/8
  4003 | D:5      | 4003 ||| UPGRADING to amulet of faith.
  4008 | D:5      | 4008 ||| DROPPING +6 ring of intelligence.
  4009 | D:5      | 4009 ||| READING scroll labelled TINELOECOP.
  4010 | D:5      | 4010 ||| READING scroll labelled RIOSUM GURI.
  4011 | D:5      | 4011 ||| READING 3 scrolls of identify.
  4011 | D:5      | 4011 ||| IDENTIFYING golden potion
  4012 | D:5      | 4012 ||| READING 2 scrolls of identify.
  4012 | D:5      | 4012 ||| IDENTIFYING sedimented green potion
  4013 | D:5      | 4013 ||| DROPPING potion of degeneration.
  4014 | D:5      | 4014 ||| DROPPING potion of berserk rage.
  4046 | D:6      | 4046 ||| INVOKING Spit Poison.
  4130 | D:6      | 4130 ||| INVOKING Spit Poison.
  4135 | D:6      | 4135 ||| INVOKING Spit Poison.
  4140 | D:6      | 4140 ||| INVOKING Spit Poison.
  4144 | D:6      | 4144 ||| INVOKING Spit Poison.
  4147 | D:6      | HP: 5/73 [orc warrior/+0 battleaxe (20)]
  4148 | D:6      | 4148 ||| DRINKING potion of heal wounds.
  4150 | D:6      | 4150 ||| INVOKING Spit Poison.
  4152 | D:6      | HP: 9/73 [orc warrior/+0 battleaxe (10)]
  4153 | D:6      | 4153 ||| INVOKING Spit Poison.
  4155 | D:6      | Slain by an orc warrior

Levels and vault maps discovered:
D:1:      nicolae_arrival_escape_room, layout_loops_corners
D:2:      minmay_skewed_foursquare, layout_loops_ring, uniq_jessica,
          uniq_natasha
D:3:      layout_loops_corners, grunt_dithmenos_smoke_and_mirrors
D:4:      minmay_wonky_spiral, layout_loops_cross, uniq_ijyb
D:5:      layout_rooms, uniq_grinder
D:6:      layout_cave_pods, nicolae_ru_great_annihilating_truth, zin_angel,
          serial_demonic, serial_demonic_d, serial_demonic_g, serial_demonic_g,
          serial_demonic_c, serial_bayou_pond_c

Skill      XL: |  1  2  3  4  5  6  7 |
---------------+----------------------+-----
Ranged Weapons | 4 5 6 8 |  8.0
Fighting       | 3 4 |  4.7
Dodging        | 2 |  2.1
Stealth        | |  1.5

Action                     |  1- 3 |  4- 6 |  7- 9 || total
---------------------------+-------+-------+-------++-------
   Fire: Shortbow          |    31 |    98 |    42 ||   171
Ability: Spit Poison       |    17 |    45 |    17 ||    79
    Use: Scroll            |     5 |     6 |     4 ||    15
         Potion            |     1 |     1 |     1 ||     3
 Armour: Leather armour    |     3 |     5 |    15 ||    23
  Dodge: Dodged            |     9 |    31 |    41 ||    81

Table legend:
 A = Non-vault XP
 B = Vault XP
 C = Vault XP percentage of total XP
 D = Non-vault monster count
 E = Vault monster count
 F = Vault count percentage of total count
                 A         B        C        D         E       F
            +---------+---------+-------+---------+---------+-------
      Total |     940 |     425 |  31.1 |      87 |      13 |  13.0
            +---------+---------+-------+---------+---------+-------
        D:1 |      35 |       0 |   0.0 |      19 |       0 |   0.0
        D:2 |     105 |      84 |  44.4 |      14 |       9 |  39.1
        D:3 |      57 |       0 |   0.0 |      16 |       0 |   0.0
        D:4 |     137 |      51 |  27.1 |      20 |       3 |  13.0
        D:5 |     445 |     290 |  39.5 |      14 |       1 |   6.7
        D:6 |     161 |       0 |   0.0 |       4 |       0 |   0.0
            +---------+---------+-------+---------+---------+-------
